 Dungeon Crawl Stone Soup version 0.26-b1-57-gb162d0664a (webtiles) character file.

Game seed: 18031342460650086205

232 Destapler the Chiller (level 6, -5/44 HPs)
             Began as a Gnoll Wanderer on Jan 8, 2021.
             Killed by nerve-wracking pain
             ... invoked by an orc priest
              (14 damage)
             ... on level 3 of the Dungeon.
             The game lasted 00:16:56 (3696 turns).

Destapler the Chiller (Gnoll Wanderer)              Turns: 3696, Time: 00:16:56

Health: -5/44      AC:  4    Str: 14    XL:     6   Next: 4%
Magic:  0/10       EV: 12    Int: 19    God:
Gold:   148        SH:  0    Dex: 12    Spells: 7/11 levels left

rFire    . . .     SeeInvis .   a - +2 dagger (holy)
rCold    . . .     Faith    .   (no shield)
rNeg     . . .     Spirit   .   d - +0 robe
rPois    .         Reflect  .   (no helmet)
rElec    .         Harm     .   p - +0 cloak (curse)
rCorr    .         Rampage  .   (no gloves)
Will     .....                  g - +0 pair of boots
Stlth    ++........             (no amulet)
HPRegen  0.14/turn              (no ring)
MPRegen  0.12/turn              (no ring)

@: no status effects
A: distributed training, fangs 1, strong nose
a: no special abilities


You were on level 3 of the Dungeon.
You visited 1 branch of the dungeon, and saw 3 of its levels.

You collected 148 gold pieces.

Inventory:

Hand Weapons
 a - a +2 dagger of holy wrath (weapon)
 b - a +0 spear
 t - a +0 glaive
Missiles
 r - 5 boomerangs (quivered)
Armour
 d - a +0 robe (worn)
 g - a +0 pair of boots (worn)
 p - a cursed +0 cloak (worn)
Scrolls
 c - 4 scrolls of identify {unknown}
 e - a scroll of immolation {unknown}
 j - a scroll of remove curse {unknown}
 k - 2 scrolls of enchant armour {unknown}
 m - 3 scrolls of teleportation
 n - a scroll of fear {unknown}
Potions
 f - 3 potions of degeneration {unknown}
 h - 5 potions of attraction {unknown}
 i - 2 potions of mutation {unknown}
 l - a potion of curing {unknown}
 o - 2 potions of might {unknown}
 q - a potion of flight {unknown}
 s - a potion of resistance {unknown}


   Skills:
 + Level 1.7 Fighting
 + Level 1.7 Short Blades
 + Level 1.7 Long Blades
 + Level 1.7 Axes
 + Level 1.7 Maces & Flails
 + Level 1.7 Polearms
 + Level 1.7 Staves
 + Level 1.7 Slings
 + Level 1.7 Bows
 + Level 1.7 Crossbows
 + Level 1.7 Throwing
 + Level 1.7 Armour
 + Level 1.7 Dodging
 + Level 1.7 Stealth
 + Level 3.1 Shields
 + Level 1.7 Unarmed Combat
 + Level 3.3 Spellcasting
 + Level 4.0 Conjurations
 + Level 1.3 Hexes
 + Level 1.3 Summonings
 + Level 1.3 Necromancy
 + Level 1.3 Translocations
 + Level 1.3 Transmutations
 + Level 1.3 Fire Magic
 + Level 5.6 Ice Magic
 + Level 1.3 Air Magic
 + Level 4.0 Earth Magic
 + Level 1.3 Poison Magic
 + Level 2.0 Invocations
 + Level 3.1 Evocations


You had 7 spell levels left.
You knew the following spells:

 Your Spells              Type           Power        Failure   Level
a - Freeze                Ice            96%          1%          1
b - Magic Dart            Conj           72%          2%          1
B - Blink                 Tloc           N/A          13%         2

Your spell library contained the following spells:

 Spells                   Type           Power        Failure   Level
 Foxfire                  Conj/Fire      52%          4%          1
 Frozen Ramparts          Ice            48%          4%          3
 Ozocubu's Armour         Ice            24%          4%          3
 Call Imp                 Summ           8%           13%         2
 Slow                     Hex            8%           13%         2
 Conjure Flame            Conj/Fire      13%          14%         3
 Mephitic Cloud           Conj/Pois/Air  11%          17%         3
 Hailstorm                Conj/Ice       21%          21%         4
 Summon Ice Beast         Ice/Summ       16%          34%         4


Dungeon Overview and Level Annotations

Branches:
Dungeon (2/15)

Altars:


Innate Abilities, Weirdness & Mutations

Your experience applies equally to all skills.
You have very sharp teeth.
Your uncanny sense of smell can sniff out nearby items.


Message History

a +0 flail; an orc corpse
Casting: Magic Dart (safe; 2% risk of failure)
Confirm with . or Enter, or press ? or * to list all spells.
Aiming: Freeze (safe; 1% risk of failure)
Press: ? - help, Shift-Dir - straight line, f - orc priest
Aim: an orc priest, wielding a -2 morningstar You freeze the orc priest.
The orc priest is lightly wounded.
The orc priest hits you with a cursed -2 morningstar!
* * * LOW HITPOINT WARNING * * *
You hit the orc priest.
The orc priest is moderately wounded.
You hit the orc priest. You bite the orc priest.
The orc priest is severely wounded.
The orc priest closely misses you.
You hit the orc priest.
The orc priest is almost dead.
The orc priest calls down the wrath of Beogh upon you.
Pain shoots through your body!
You die...

#.####..# #.......# #####
######.## #...# ∆ ####.####...#
#......##...# #.##.#.##...#
#.##.#.##...# #.##)#.####.#
#.##@#.##...# #.##o#.##.###
#.......#.# ###...#o..#
#.......### . ####.##.#o.#.# ..
### ########....##.....## ##..#
..# #..>.....#..####..#.###....
#.###.####.......###.)........#


You could see an orc priest.

Vanquished Creatures
  2 orc priests (D:2)
  3 orc wizards
  2 adders
  2 worms (D:2)
  A leopard gecko (D:1)
  8 orcs
  8 giant cockroaches
  5 goblins
  2 hobgoblins
  4 bats
  6 frilled lizards
  7 kobolds
  10 rats
60 creatures vanquished.

Notes
Turn   | Place    | Note
-------+----------+-------------------------------------------
     0 | D:1      | Destapler the Gnoll Wanderer began the quest for the Orb.
     0 | D:1      | Destapler set off with the following items: a +0 club, a
                  | scroll of teleportation, a +0 robe; and the following
                  | spells available to memorise: Freeze, Frozen Ramparts,
                  | Ozocubu's Armour, Foxfire, Conjure Flame, Hailstorm, Summon
                  | Ice Beast
     0 | D:1      | Reached XP level 1. HP: 13/13 MP: 4/4
   438 | D:1      | Reached XP level 2. HP: 8/19 MP: 5/5
   538 | D:1      | Learned a level 1 spell: Freeze
  1361 | D:1      | Reached XP level 3. HP: 25/25 MP: 5/7
  2010 | D:2      | Learned a level 1 spell: Magic Dart
  2013 | D:2      | Learned a level 2 spell: Blink
  2060 | D:2      | Reached skill level 1 in Invocations
  2457 | D:2      | Reached skill level 1 in Fighting
  2457 | D:2      | Reached skill level 1 in Short Blades
  2457 | D:2      | Reached skill level 1 in Long Blades
  2457 | D:2      | Reached skill level 1 in Axes
  2457 | D:2      | Reached skill level 1 in Maces & Flails
  2457 | D:2      | Reached skill level 1 in Polearms
  2457 | D:2      | Reached skill level 1 in Staves
  2457 | D:2      | Reached skill level 1 in Slings
  2457 | D:2      | Reached skill level 1 in Bows
  2457 | D:2      | Reached skill level 1 in Crossbows
  2457 | D:2      | Reached skill level 1 in Throwing
  2457 | D:2      | Reached skill level 1 in Armour
  2457 | D:2      | Reached skill level 1 in Dodging
  2457 | D:2      | Reached skill level 1 in Stealth
  2457 | D:2      | Reached skill level 1 in Unarmed Combat
  2945 | D:2      | Reached XP level 4. HP: 32/32 MP: 5/8
  3015 | D:2      | Reached skill level 1 in Hexes
  3015 | D:2      | Reached skill level 1 in Summonings
  3015 | D:2      | Reached skill level 1 in Necromancy
  3015 | D:2      | Reached skill level 1 in Translocations
  3015 | D:2      | Reached skill level 1 in Transmutations
  3015 | D:2      | Reached skill level 1 in Fire Magic
  3015 | D:2      | Reached skill level 1 in Air Magic
  3015 | D:2      | Reached skill level 1 in Poison Magic
  3021 | D:2      | Reached XP level 5. HP: 32/37 MP: 1/9
  3232 | D:2      | You fall into a shaft and drop 1 floor!
  3685 | D:3      | Reached XP level 6. HP: 30/44 MP: 3/10
  3696 | D:3      | Killed from afar by an orc priest

Illustrated notes

Levels and vault maps discovered:
D:1:      nagdon_arrival_double_spiral, layout_loops_corners,
          minmay_indecisive_spiral
D:2:      layout_basic
D:3:      layout_loops_cross, uniq_crazy_yiuf_cottage

Skill      XL: |  1  2  3  4  5 |
---------------+----------------+-----
Invocations    | 1 2 |  2.0
Fighting       | 1 |  1.7
Short Blades   | 1 |  1.7
Long Blades    | 1 |  1.7
Axes           | 1 |  1.7
Maces & Flails | 1 |  1.7
Polearms       | 1 |  1.7
Staves         | 1 |  1.7
Slings         | 1 |  1.7
Bows           | 1 |  1.7
Crossbows      | 1 |  1.7
Throwing       | 1 |  1.7
Armour         | 1 |  1.7
Dodging        | 1 |  1.7
Stealth        | 1 |  1.7
Unarmed Combat | 1 |  1.7
Spellcasting   | 3 |  3.3
Hexes          | 1 |  1.3
Summonings     | 1 |  1.3
Necromancy     | 1 |  1.3
Translocations | 1 |  1.3
Transmutations | 1 |  1.3
Fire Magic     | 1 |  1.3
Air Magic      | 1 |  1.3
Poison Magic   | 1 |  1.3
Shields        | 3 |  3.1
Evocations     | 3 |  3.1
Conjurations   | 4 |  4.0
Earth Magic    | 4 |  4.0
Ice Magic      | |  5.6

Action                   |  1- 3 |  4- 6 || total
-------------------------+-------+-------++-------
Melee: Club              |    18 |       ||    18
       Dagger            |    74 |    46 ||   120
       Bite              |     9 |     5 ||    14
       Spear             |     5 |       ||     5
       Glaive            |       |     4 ||     4
       Punch             |       |     1 ||     1
 Cast: Freeze            |    13 |     7 ||    20
       Magic Dart        |    23 |    40 ||    63
 Stab: Sleeping          |     3 |       ||     3
Armor: Robe              |    19 |    12 ||    31
Dodge: Dodged            |    72 |    33 ||   105
